| TOP OF THE 1ST |
|
Greenville Drive batting - Pitching for Burlington Bees : RHP Luis Cabrera
|
|
Pitching: RHP Luis Cabrera
|
|
|
Batting: RHB Andy Garvin
|
0-0: Ball 1-0: Foul Ball, location: 2F 1-1: Foul Ball, location: 2F 1-2: Ball 2-2: Ball 3-2: Fly out, F4 (Line Drive, 4M, EV 91.9 MPH)
|
|
Batting: RHB David Norum
|
0-0: Called Strike 0-1: Ground out 1-3 (Groundball, P, EV 60.6 MPH)
|
|
Batting: RHB Larry Brocato
|
0-0: Foul Ball, location: 2F 0-1: Swinging Strike 0-2: Ball 1-2: Strikes out swinging
|
| Top of the 1st over - 0 runs, 0 hits, 0 errors, 0 left on base; Greenville 0 - Burlington 0 |
| BOTTOM OF THE 1ST |
|
Burlington Bees batting - Pitching for Greenville Drive : RHP Andy Garvin
|
|
Pitching: RHP Andy Garvin
|
|
|
Batting: RHB Ryuji Ito
|
0-0: Called Strike 0-1: Ball 1-1: Ball 2-1: Ball 3-1: Swinging Strike 3-2: Ground out 5-3 (Groundball, 56, EV 100.0 MPH)
|
|
Batting: RHB Ryan Munro
|
0-0: Ball 1-0: Ball 2-0: Foul Ball, location: 2F 2-1: Foul Ball, location: 2F 2-2: Strikes out looking
|
|
Batting: LHB Brett Bugge
|
0-0: Foul Ball, location: 2F 0-1: Ball 1-1: Ball 2-1: Called Strike 2-2: Ground out 6-3 (Groundball, 6, EV 86.2 MPH)
|
| Bottom of the 1st over - 0 runs, 0 hits, 0 errors, 0 left on base; Greenville 0 - Burlington 0 |
| TOP OF THE 2ND |
|
Greenville Drive batting - Pitching for Burlington Bees : RHP Luis Cabrera
|
|
Batting: SHB Carter Cromsie
|
0-0: Called Strike 0-1: Ball 1-1: Fly out, F8 (Flyball, 8LM, EV 76.9 MPH)
|
|
Batting: RHB Mike Batko
|
0-0: Foul Ball, location: 2F 0-1: Called Strike 0-2: Ground out 4-3 (Groundball, 4, EV 107.5 MPH)
|
|
Batting: SHB Greg Shaw
|
0-0: Ball 1-0: Called Strike 1-1: Foul Ball, location: 2F 1-2: Ball 2-2: Foul Ball, location: 2F 2-2: Foul Ball, location: 2F 2-2: Strikes out swinging
|
| Top of the 2nd over - 0 runs, 0 hits, 0 errors, 0 left on base; Greenville 0 - Burlington 0 |
| BOTTOM OF THE 2ND |
|
Burlington Bees batting - Pitching for Greenville Drive : RHP Andy Garvin
|
|
Batting: LHB Matthew Bale
|
0-0: Swinging Strike 0-1: Ground out 6-3 (Groundball, 4M, EV 85.6 MPH)
|
|
Batting: LHB Griffin Ferris
|
0-0: Swinging Strike 0-1: Ball 1-1: Foul Ball, location: 2F 1-2: Ball 2-2: Ball 3-2: Fly out, F7 (Flyball, 7D, EV 103.8 MPH)
|
|
Batting: LHB Mario Anguiano
|
0-0: Called Strike 0-1: Ball 1-1: Called Strike 1-2: Foul Ball, location: 2F 1-2: Ball 2-2: Foul Ball, location: 2F 2-2: Strikes out swinging
|
| Bottom of the 2nd over - 0 runs, 0 hits, 0 errors, 0 left on base; Greenville 0 - Burlington 0 |
| TOP OF THE 3RD |
|
Greenville Drive batting - Pitching for Burlington Bees : RHP Luis Cabrera
|
|
Batting: RHB Joel Vazquez
|
0-0: Fly out, F8 (Flyball, 89M, EV 85.6 MPH)
|
|
Batting: RHB Joe Sandoval
|
0-0: Called Strike 0-1: Swinging Strike 0-2: Ball 1-2: Ball 2-2: Strikes out swinging
|
|
Batting: RHB Ted Emmerich
|
0-0: Ball 1-0: Foul Ball, location: 2F 1-1: Ball 2-1: Ball 3-1: Foul Ball, location: 2F 3-2: Foul Ball, location: 5F, Error on foul ball, E5 3-2: Strikes out swinging
|
| Top of the 3rd over - 0 runs, 0 hits, 1 error, 0 left on base; Greenville 0 - Burlington 0 |
| BOTTOM OF THE 3RD |
|
Burlington Bees batting - Pitching for Greenville Drive : RHP Andy Garvin
|
|
Batting: LHB Mark Reeg
|
0-0: Ball 1-0: Ball 2-0: Ground out 6-3 (Groundball, 6M, EV 106.9 MPH)
|
|
Batting: LHB Spencer Palmer
|
0-0: Ball 1-0: Called Strike 1-1: Ball 2-1: Foul Ball, location: 2F 2-2: Foul Ball, location: 2F 2-2: Foul Ball, location: 2F 2-2: Ball 3-2: Base on Balls
|
|
Batting: RHB Dean LeCroy
|
0-0: Swinging Strike 0-1: Called Strike 0-2: TRIPLE (Line Drive, 7LD, EV 106.9 MPH) Spencer Palmer scores
|
|
Batting: RHB Ryuji Ito
|
0-0: Ground out 6-3 (Groundball, 56D, EV 89.4 MPH) Dean LeCroy scores
|
|
Batting: RHB Ryan Munro
|
0-0: Ball 1-0: Called Strike 1-1: Ball 2-1: Foul Ball, location: 2F 2-2: Foul Ball, location: 2F 2-2: Ball 3-2: Base on Balls
|
|
Batting: LHB Brett Bugge
|
0-0: Called Strike 0-1: Ball 1-1: Ball 2-1: DOUBLE (Line Drive, 89D, EV 99.4 MPH) Ryan Munro to third
|
|
Batting: LHB Matthew Bale
|
0-0: Ball 1-0: Foul Ball, location: 2F 1-1: Swinging Strike 1-2: Fly out, F9 (Flyball, 9S, EV 77.5 MPH)
|
| Bottom of the 3rd over - 2 runs, 2 hits, 0 errors, 2 left on base; Greenville 0 - Burlington 2 |
| TOP OF THE 4TH |
|
Greenville Drive batting - Pitching for Burlington Bees : RHP Luis Cabrera
|
|
Batting: RHB Andy Garvin
|
0-0: Ball 1-0: Ball 2-0: Called Strike 2-1: Swinging Strike 2-2: Strikes out swinging
|
|
Batting: RHB David Norum
|
0-0: Ground out 6-3 (Groundball, 6M, EV 103.8 MPH)
|
|
Batting: RHB Larry Brocato
|
0-0: Ball 1-0: Foul Ball, location: 2F 1-1: Ball 2-1: Foul Ball, location: 2F 2-2: DOUBLE (Line Drive, 3D, EV 100.0 MPH)
|
|
Batting: SHB Carter Cromsie
|
0-0: Swinging Strike 0-1: Foul Ball, location: 2F 0-2: Ball 1-2: Strikes out looking
|
| Top of the 4th over - 0 runs, 1 hit, 0 errors, 1 left on base; Greenville 0 - Burlington 2 |
| BOTTOM OF THE 4TH |
|
Burlington Bees batting - Pitching for Greenville Drive : RHP Andy Garvin
|
|
Batting: LHB Griffin Ferris
|
0-0: Ball 1-0: Ball 2-0: Ball 3-0: Base on Balls
|
|
Batting: LHB Mario Anguiano
|
0-0: Called Strike 0-1: Ball 1-1: Ball 2-1: Grounds into double play, U3-6 (Groundball, 3L, EV 88.1 MPH)
|
|
Batting: LHB Mark Reeg
|
0-0: Swinging Strike 0-1: Called Strike 0-2: Strikes out swinging
|
| Bottom of the 4th over - 0 runs, 0 hits, 0 errors, 0 left on base; Greenville 0 - Burlington 2 |
| TOP OF THE 5TH |
|
Greenville Drive batting - Pitching for Burlington Bees : RHP Luis Cabrera
|
|
Batting: RHB Mike Batko
|
0-0: Ball 1-0: Ball 2-0: Ball 3-0: Called Strike 3-1: Foul Ball, location: 2F 3-2: Foul Ball, location: 2F 3-2: Foul Ball, location: 2F 3-2: Ground out 4-3 (Groundball, 4M, EV 81.2 MPH)
|
|
Batting: SHB Greg Shaw
|
0-0: Called Strike 0-1: Ground out 4-3 (Groundball, 4, EV 87.5 MPH)
|
|
Batting: RHB Joel Vazquez
|
0-0: Ball 1-0: Ground out 5-3 (Groundball, 5, EV 91.9 MPH)
|
| Top of the 5th over - 0 runs, 0 hits, 0 errors, 0 left on base; Greenville 0 - Burlington 2 |
| BOTTOM OF THE 5TH |
|
Burlington Bees batting - Pitching for Greenville Drive : RHP Andy Garvin
|
|
Batting: LHB Spencer Palmer
|
0-0: Ball 1-0: Ball 2-0: Foul Ball, location: 2F 2-1: Ball 3-1: Foul Ball, location: 2F 3-2: Ground out 4-3 (Groundball, 4, EV 83.8 MPH)
|
|
Batting: RHB Dean LeCroy
|
0-0: Ball 1-0: Ball 2-0: Swinging Strike 2-1: Foul Ball, location: 2F 2-2: Strikes out swinging
|
|
Batting: RHB Ryuji Ito
|
0-0: Ground out U3 (Groundball, 3, EV 100.0 MPH)
|
| Bottom of the 5th over - 0 runs, 0 hits, 0 errors, 0 left on base; Greenville 0 - Burlington 2 |
| TOP OF THE 6TH |
|
Greenville Drive batting - Pitching for Burlington Bees : RHP Luis Cabrera
|
|
Batting: RHB Joe Sandoval
|
0-0: Ball 1-0: Ball 2-0: Ball 3-0: Called Strike 3-1: Base on Balls
|
|
Batting: RHB Ted Emmerich
|
0-0: Called Strike 0-1: Called Strike 0-2: SINGLE (Line Drive, 9S, EV 92.5 MPH) Joe Sandoval to second Runner from 2nd tries for 3rd, SAFE, no throw by RF
|
|
Batting: RHB Andy Garvin
|
0-0: Called Strike 0-1: Called Strike 0-2: Ground out 5-3 (Groundball, 5, EV 84.4 MPH) Ted Emmerich to second
|
|
Batting: RHB David Norum
|
0-0: Ball 1-0: Swinging Strike 1-1: Called Strike 1-2: Foul Ball, location: 2F 1-2: Ball 2-2: Foul Ball, location: 2F 2-2: Strikes out swinging
|
|
Batting: RHB Larry Brocato
|
0-0: Called Strike 0-1: Foul Ball, location: 2F 0-2: Ball Passed Ball! Joe Sandoval scores Ted Emmerich to third 1-2: Strikes out swinging
|
| Top of the 6th over - 1 run, 1 hit, 0 errors, 1 left on base; Greenville 1 - Burlington 2 |
| BOTTOM OF THE 6TH |
|
Burlington Bees batting - Pitching for Greenville Drive : RHP Andy Garvin
|
|
Batting: RHB Ryan Munro
|
0-0: Foul Ball, location: 2F 0-1: Called Strike 0-2: Ball 1-2: Ball 2-2: Ball 3-2: SINGLE (Groundball, 4MD, EV 97.5 MPH)
|
|
Pitching: RHP Eddie Mosley
|
|
|
Batting: LHB Brett Bugge
|
0-0: Ball 1-0: Ball 2-0: Called Strike 2-1: Called Strike 2-2: Strikes out swinging
|
|
Batting: LHB Matthew Bale
|
0-0: Called Strike 0-1: Ball 1-1: Foul Ball, location: 2F 1-2: Strikes out swinging
|
|
Batting: LHB Griffin Ferris
|
0-0: Ball 1-0: Ball 2-0: Called Strike 2-1: Foul Ball, location: 2F 2-2: Fly out, F9 (Flyball, 9, EV 89.4 MPH)
|
| Bottom of the 6th over - 0 runs, 1 hit, 0 errors, 1 left on base; Greenville 1 - Burlington 2 |
| TOP OF THE 7TH |
|
Greenville Drive batting - Pitching for Burlington Bees : RHP Luis Cabrera
|
|
Batting: SHB Carter Cromsie
|
0-0: Ball 1-0: Called Strike 1-1: Ball 2-1: Swinging Strike 2-2: Foul Ball, location: 2F 2-2: Strikes out swinging
|
|
Batting: RHB Mike Batko
|
0-0: Ball 1-0: Ground out 4-3 (Groundball, 4, EV 88.1 MPH)
|
|
Batting: SHB Greg Shaw
|
0-0: Ball 1-0: Called Strike 1-1: Ground out 1-3 (Groundball, 13S, EV 63.8 MPH)
|
| Top of the 7th over - 0 runs, 0 hits, 0 errors, 0 left on base; Greenville 1 - Burlington 2 |
| BOTTOM OF THE 7TH |
|
Burlington Bees batting - Pitching for Greenville Drive : RHP Eddie Mosley
|
|
Batting: LHB Mario Anguiano
|
0-0: Ball 1-0: Foul Ball, location: 2F 1-1: Foul Ball, location: 2F 1-2: Foul Ball, location: 2F 1-2: Ball 2-2: Foul Ball, location: 2F 2-2: Strikes out looking
|
|
Batting: LHB Mark Reeg
|
0-0: Called Strike 0-1: Ball 1-1: Fly out, F6 (Popup, 4MD, EV 61.9 MPH)
|
|
Batting: LHB Spencer Palmer
|
0-0: SINGLE (Line Drive, 6M, EV 108.1 MPH)
|
|
Batting: RHB Dean LeCroy
|
0-0: Swinging Strike 0-1: Foul Ball, location: 2F 0-2: Ball 1-2: Foul Ball, location: 2F 1-2: Ball 2-2: Foul Ball, location: 2F 2-2: Foul Ball, location: 2F 2-2: Ball 3-2: DOUBLE (Flyball, 89XD, EV 101.2 MPH) Spencer Palmer to third Spencer Palmer scores
|
|
Batting: RHB Ryuji Ito
|
0-0: Ball 1-0: Called Strike 1-1: Ball 2-1: Swinging Strike 2-2: Foul Ball, location: 2F 2-2: Ball 3-2: Fly out, F9 (Flyball, 89M, EV 86.9 MPH)
|
| Bottom of the 7th over - 1 run, 2 hits, 0 errors, 1 left on base; Greenville 1 - Burlington 3 |
| TOP OF THE 8TH |
|
Greenville Drive batting - Pitching for Burlington Bees : RHP Luis Cabrera
|
|
Pitching: RHP Billy Havlik
|
|
|
Batting: RHB Joel Vazquez
|
0-0: Swinging Strike 0-1: Ball 1-1: Ball 2-1: DOUBLE (Groundball, 5L, EV 98.1 MPH)
|
|
Pinch Hitting: LHB John Criswell
|
0-0: Ball 1-0: Called Strike 1-1: Swinging Strike 1-2: Ball 2-2: Strikes out swinging
|
|
Pinch Hitting: LHB Nelis Geurts
|
0-0: Called Strike 0-1: Foul Ball, location: 2F 0-2: Ball 1-2: Ball 2-2: Ball 3-2: Strikes out looking
|
|
Batting: RHB Andy Garvin
|
0-0: Called Strike 0-1: Swinging Strike 0-2: Strikes out swinging
|
| Top of the 8th over - 0 runs, 1 hit, 0 errors, 1 left on base; Greenville 1 - Burlington 3 |
| BOTTOM OF THE 8TH |
|
Burlington Bees batting - Pitching for Greenville Drive : RHP Eddie Mosley
|
|
Pitching: RHP Tim Stewart
|
|
|
Now at SS: Rogelio Cervantes
|
|
|
Now in CF: Nick Spiller
|
|
|
Batting: RHB Ryan Munro
|
0-0: Ball 1-0: Foul Ball, location: 2F 1-1: Foul Ball, location: 2F 1-2: Ball 2-2: Strikes out swinging
|
|
Batting: LHB Brett Bugge
|
0-0: Ball 1-0: Ground out U3 (Groundball, 3, EV 83.8 MPH)
|
|
Batting: LHB Matthew Bale
|
0-0: Ball 1-0: Foul Ball, location: 2F 1-1: Called Strike 1-2: Foul Ball, location: 2F 1-2: Ground out 4-3 (Groundball, 4S, EV 87.5 MPH)
|
| Bottom of the 8th over - 0 runs, 0 hits, 0 errors, 0 left on base; Greenville 1 - Burlington 3 |
| TOP OF THE 9TH |
|
Greenville Drive batting - Pitching for Burlington Bees : RHP Billy Havlik
|
|
Pitching: RHP Simon Vogel
|
|
|
Now at 3B: Pat Crawley
|
|
|
Batting: RHB David Norum
|
0-0: Ball 1-0: Ball 2-0: Called Strike 2-1: Fly out, F6 (Popup, 15, EV 83.8 MPH)
|
|
Batting: RHB Larry Brocato
|
0-0: Ball 1-0: Swinging Strike 1-1: Foul Ball, location: 2F 1-2: Ball 2-2: SINGLE (Groundball, 56S, EV 62.5 MPH) (infield hit)
|
|
Batting: SHB Carter Cromsie
|
0-0: Called Strike 0-1: Ball 1-1: Ball 2-1: Fly out, F8 (Flyball, 8LM, EV 92.5 MPH)
|
|
Batting: RHB Mike Batko
|
0-0: Ball 1-0: Ball 2-0: Called Strike 2-1: Called Strike 2-2: Foul Ball, location: 2F 2-2: Fly out, F8 (Flyball, 8RD, EV 84.4 MPH)
|
| Top of the 9th over - 0 runs, 1 hit, 0 errors, 1 left on base; Greenville 1 - Burlington 3 |
|